 Dungeon Crawl Stone Soup version 0.29.1-13-g9f3cf754e1 (webtiles) character file.

Game seed: 2986001239296121500

3923 cheesebisquit the Geomancer (level 10, -8/52 HPs)
             Began as a Gargoyle Earth Elementalist on Jan 20, 2023.
             Was a Believer of Vehumet.
             Mangled by a two-headed ogre
             ... wielding a +0 giant spiked club
              (24 damage)
             ... on level 10 of the Dungeon.
             The game lasted 00:43:42 (10144 turns).

cheesebisquit the Geomancer (GrEE)                 Turns: 10144, Time: 00:43:43

Health: -8/52      AC: 16    Str: 11    XL:     10   Next: 20%
Magic:  8/21       EV: 15    Int: 21    God:    Vehumet [**....]
Gold:   321        SH:  0    Dex: 10    Spells: 12/24 levels left

rFire   . . .      SeeInvis +   N - staff of earth
rCold   . . .      Faith    .   G - orb {light}
rNeg    + . .      Spirit   .   C - +3 leather armour
rPois   ∞          Reflect  .   j - +0 helmet {SInv}
rElec   +          Harm     .   (no cloak)
rCorr   .          Rampage  .   o - +0 pair of gloves
Will    .....                   L - +0 pair of boots
Stlth   +.........              (no amulet)
HPRegen 0.17/turn               z - +4 ring of evasion
MPRegen 0.17/turn               M - +4 ring of slaying

@: brilliant, glowing
A: sickness immunity, AC +7, negative energy resistance 1, electricity
resistance, torment resistance 1, petrification resistance
a: Renounce Religion


You were on level 10 of the Dungeon.
You worshipped Vehumet.
Vehumet was pleased with you.
You visited 2 branches of the dungeon, and saw 10 of its levels.
You also visited: Ossuary.

You collected 538 gold pieces.
You spent 217 gold pieces at shops.

Inventory:

Hand Weapons
 q - a +0 flail
Missiles
 h - 37 poisoned darts
 i - 6 datura-tipped darts
 E - 2 throwing nets
Armour
 j - a +0 helmet of see invisible (worn)
 o - a +0 pair of gloves (worn)
 B - a +2 robe of cold resistance
 C - a +3 leather armour (worn)
 G - an orb of light (worn)
 L - a +0 pair of boots (worn)
Magical Staves
 A - a staff of death
 N - a staff of earth (weapon)
Jewellery
 z - a +4 ring of evasion (left hand)
 M - a +4 ring of slaying (right hand)
 P - an amulet of the acrobat
 R - a ring of protection from fire
Wands
 H - a wand of charming (5)
 K - a wand of iceblast (2)
Scrolls
 a - a scroll of acquirement {unknown}
 e - 6 scrolls of teleportation
 f - a scroll of amnesia {unknown}
 g - 3 scrolls of immolation
 l - a scroll of silence {unknown}
 m - a scroll of summoning {unknown}
 w - 2 scrolls of butterflies
 y - a scroll of poison {unknown}
 F - a scroll of magic mapping
 I - a scroll of blinking
 J - a scroll of enchant weapon {unknown}
 O - a scroll of fear {unknown}
Potions
 b - 2 potions of magic
 c - 3 potions of attraction {unknown}
 d - 4 potions of flight
 k - 3 potions of curing
 n - a potion of resistance {unknown}
 p - 3 potions of lignification {unknown}
 r - a potion of invisibility {unknown}
 s - a potion of brilliance
 t - 3 potions of might {unknown}
 u - a potion of berserk rage {unknown}
 v - a potion of cancellation {unknown}
 x - a potion of haste {unknown}
 D - 2 potions of mutation {unknown}


   Skills:
 + Level 1.4 Fighting
 + Level 1.3 Staves
 + Level 1.4 Armour
 + Level 2.0 Dodging
 - Level 2.1 Stealth
 + Level 7.8 Spellcasting
 + Level 8.3 Conjurations
 - Level 0.7 Transmutations
 + Level 10.5 Earth Magic
 + Level 1.2 Evocations


You had 12 spell levels left.
You knew the following spells:

 Your Spells              Type           Power      Damage    Failure   Level
a - Stone Arrow           Conj/Erth      100%       3d13      1%          3
c - Lehudib's Crystal Sp  Conj/Erth      41%        10d10     100%        8
z - Sandblast             Erth           100%       2d20      1%          1

Your spell library contained the following spells:

 Spells                   Type           Power      Damage    Failure   Level
 Foxfire                  Conj/Fire      100%       2x1d9     1%          1
 Shock                    Conj/Air       100%       1d9       1%          1
 Passwall                 Tmut/Erth      53%        N/A       1%          2
 Slow                     Hex            48%        N/A       11%         1
 Petrify                  Tmut/Erth      64%        N/A       11%         4
 Ensorcelled Hibernation  Hex/Ice        24%        N/A       16%         2
 Spider Form              Tmut/Pois      14%        N/A       28%         3
 Confusing Touch          Hex            12%        N/A       32%         3
 Swiftness                Air            12%        N/A       32%         3
 Vampiric Draining        Necr           12%        2d6       32%         3
 Airstrike                Air            6%         2d(1-17)  71%         4
 Anguish                  Hex/Necr       6%         N/A       71%         4
 Passage of Golubria      Tloc           12%        N/A       71%         4
 Silence                  Hex/Air        6%         N/A       96%         5


Dungeon Overview and Level Annotations

Branches:
Dungeon (10/15)            Temple (1/1) D:6         Ossuary (visited)
   Lair: D:8-11         Orc: D:9-12

Altars:
Ashenzari
Cheibriados
Dithmenos
Fedhas
Gozag
Hepliaklqana
Kikubaaqudgha
Makhleb
Nemelex Xobeh
Okawaru
Ru
Sif Muna
Trog
Uskayaw
Vehumet
Wu Jian
Xom
Yredelemnul

Shops:
D:5 [


Innate Abilities, Weirdness & Mutations

You are immune to sickness and miasma.
Your stone body is resilient. (AC +7)
You are immune to poison.
You resist negative energy. (rN+)
You are resistant to electric shocks. (rElec)
You are resistant to unholy torment.
You are immune to petrification.


Message History

Your Dodging skill increases to level 2!
Your Evocations skill increases to level 1!
You feel a strong surge of power!
The stone arrow hits the two-headed ogre!
The two-headed ogre is moderately wounded.
The two-headed ogre closely misses you.
The two-headed ogre hits you with a +0 great mace!
You are too injured to fight recklessly!
You are too injured to fight recklessly!
Aiming: Stone Arrow (safe; 1% risk of failure)
Press: ? - help, Q - select action, (/) - cycle Shift-Dir - straight line, f/p - two-headed ogre
Aim: a two-headed ogre, wielding a +0 giant spiked club and a +0 great mace (moderately wounded, haloed, 92% to hit)
You feel a strong surge of power!
The stone arrow hits the two-headed ogre!!
The two-headed ogre is severely wounded.
Aiming: Stone Arrow (safe; 1% risk of failure)
Press: ? - help, Q - select action, (/) - cycle Shift-Dir - straight line, f/p - two-headed ogre
Aim: a two-headed ogre, wielding a +0 giant spiked club and a +0 great mace (severely wounded, haloed, 92% to hit)
You feel a strong surge of power!
The stone arrow hits the two-headed ogre!
The two-headed ogre is severely wounded.
The two-headed ogre hits you with a +0 giant spiked club!
* * * LOW HITPOINT WARNING * * *
The two-headed ogre barely misses you.
You feel much better.
The two-headed ogre hits you with a +0 giant spiked club!
The two-headed ogre hits you with a +0 great mace.
Aiming: Stone Arrow (safe; 1% risk of failure)
Press: ? - help, Q - select action, (/) - cycle Shift-Dir - straight line, f/p - two-headed ogre
Aim: a two-headed ogre, wielding a +0 giant spiked club and a +0 great mace (severely wounded, haloed, 92% to hit)
You feel a strong surge of power!
The stone arrow hits the two-headed ogre!
The two-headed ogre is almost dead.
Aiming: Stone Arrow (safe; 1% risk of failure)
Press: ? - help, Q - select action, (/) - cycle Shift-Dir - straight line, f/p - two-headed ogre
Aim: a two-headed ogre, wielding a +0 giant spiked club and a +0 great mace (almost dead, haloed, 92% to hit)
You feel a strong surge of power!
The stone arrow misses the two-headed ogre.
The two-headed ogre hits you with a +0 giant spiked club!!
You die...

.)#.......## #.....
....# .. #........
....## ... ##.#.##...
....#.... #....#....
.........
.......##.###..#.....
...........##.....#
........##..O@..#
............##...#
.............##...#
..........#...#.#....
................. ##.
#.........#.#.#.#.
#.##....$..>#.#..#. #
#........... ...#
#......###...


You could see a two-headed ogre.

Vanquished Creatures
  A two-headed ogre (D:10)
  A hornet (D:7)
  Prince Ribbit (D:7)
  Duvessa (D:7)
  A water moccasin (D:5)
  An ice beast (D:7)
  An orc warrior (D:7)
  A sky beast (D:7)
  A black bear (D:5)
  An ogre (D:5)
  2 phantoms
  2 kobold brigands
  An elf zombie (Ossuary)
  2 necrophages
  3 bullfrogs
  3 scorpions
  Dowan (D:7)
  5 killer bees (D:7)
  2 howler monkeys
  2 electric eels (D:8)
  A jelly (D:5)
  4 hounds
  2 orc priests
  3 gnoll boudas
  3 human zombies (Ossuary)
  4 iguanas
  5 orc wizards
  2 mummies (Ossuary)
  15 gnolls
  9 adders
  A white imp (D:7)
  An ufetubus (D:7)
  3 adder zombies (Ossuary)
  A dart slug (D:5)
  21 orcs
  9 endoplasms
  4 giant cockroaches
  7 goblins
  11 hobgoblins
  3 quokkas
  2 ball pythons
  10 bats
  8 frilled lizards
  3 goblin zombies (Ossuary)
  8 hobgoblin zombies (Ossuary)
  2 jackal zombies (Ossuary)
  15 kobolds
  10 kobold zombies (Ossuary)
  7 orc zombies (Ossuary)
  6 rats
213 creatures vanquished.

Vanquished Creatures (others)
  22 plants (D:8)
22 creatures vanquished.

Grand Total: 235 creatures vanquished

Notes
Turn   | Place    | Note
-------+----------+-------------------------------------------
     0 | D:1      | cheesebisquit the Gargoyle Earth Elementalist began the
                  | quest for the Orb.
     0 | D:1      | Reached XP level 1. HP: 10/10 MP: 3/3
   204 | D:1      | Reached skill level 4 in Earth Magic
   204 | D:1      | Reached XP level 2. HP: 15/15 MP: 3/5
  1059 | D:2      | Reached XP level 3. HP: 19/19 MP: 3/6
  1315 | D:2      | Reached XP level 4. HP: 24/24 MP: 5/8
  1319 | D:2      | Learned a level 3 spell: Stone Arrow
  1371 | D:2      | Found a faded altar of an unknown god.
  1498 | D:2      | Reached skill level 5 in Earth Magic
  2097 | D:2      | Reached skill level 1 in Conjurations
  2347 | D:2      | Reached XP level 5. HP: 28/28 MP: 7/10
  2389 | D:2      | Found a snail-covered altar of Cheibriados.
  3425 | D:4      | Noticed a phantom
  3430 | D:4      | Killed a phantom
  3431 | D:4      | Reached XP level 6. HP: 32/32 MP: 7/11
  3533 | D:4      | Found a shimmering altar of Xom.
  3533 | D:4      | Found a bloodstained altar of Trog.
  3701 | D:4      | Reached skill level 6 in Earth Magic
  4575 | D:5      | Entered Level 5 of the Dungeon
  4720 | D:5      | Noticed a black bear
  4725 | D:5      | Killed a black bear
  4726 | D:5      | Reached XP level 7. HP: 36/36 MP: 3/13
  5143 | D:5      | Reached skill level 5 in Spellcasting
  5143 | D:5      | Reached skill level 7 in Earth Magic
  5404 | D:5      | Found Plog's Antique Armour Boutique.
  5412 | D:5      | Bought an embroidered robe for 92 gold pieces
  5412 | D:5      | Bought a glowing leather armour for 125 gold pieces
  5677 | D:5      | Reached XP level 8. HP: 41/41 MP: 10/15
  6042 | D:6      | Reached skill level 5 in Conjurations
  6396 | D:6      | Reached skill level 8 in Earth Magic
  6478 | D:6      | Found a staircase to the Ecumenical Temple.
  6483 | Temple   | Entered the Ecumenical Temple
  6607 | Temple   | Became a worshipper of Vehumet
  7014 | D:7      | Noticed Prince Ribbit
  7024 | D:7      | Killed Prince Ribbit
  7026 | D:7      | Noticed a hornet
  7037 | D:7      | Killed a hornet
  7038 | D:7      | Reached XP level 9. HP: 37/45 MP: 6/18
  7044 | D:7      | Reached skill level 9 in Earth Magic
  7130 | D:7      | Learned a level 8 spell: Lehudib's Crystal Spear
  7140 | D:7      | Found a sand-covered staircase.
  7144 | Ossuary  | Entered an ossuary
  7554 | Ossuary  | Reached * piety under Vehumet
  7554 | Ossuary  | Offered knowledge of Shock by Vehumet.
  8596 | D:7      | Found a large runed translucent door.
  8597 | D:7      | Found a large runed translucent door.
  8671 | D:7      | Offered knowledge of Foxfire by Vehumet.
  8960 | D:7      | Reached ** piety under Vehumet
  9125 | D:7      | Noticed Dowan
  9126 | D:7      | Noticed Duvessa
  9128 | D:7      | Killed Dowan
  9132 | D:7      | Killed Duvessa
  9133 | D:7      | Reached skill level 10 in Earth Magic
  9509 | D:7      | Found a shadowy altar of Dithmenos.
  9517 | D:7      | Found a snail-covered altar of Cheibriados.
  9874 | D:8      | Reached XP level 10. HP: 51/51 MP: 12/21
 10123 | D:8      | You fall into a shaft and drop 2 floors!
 10123 | D:10     | Entered Level 10 of the Dungeon
 10124 | D:10     | Noticed a two-headed ogre
 10125 | D:10     | Noticed a two-headed ogre
 10138 | D:10     | Killed a two-headed ogre
 10139 | D:10     | Reached skill level 1 in Fighting
 10139 | D:10     | Reached skill level 1 in Staves
 10139 | D:10     | Reached skill level 1 in Armour
 10139 | D:10     | Reached skill level 1 in Evocations
 10144 | D:10     | Mangled by a two-headed ogre

Illustrated notes

Levels and vault maps discovered:
D:1:      kennysheep_arrival_forest, layout_loops_corners
D:2:      layout_basic, basic_altar, hellmonk_ecumenical_altar_blasted,
          minmay_increasing_density
D:3:      minmay_door_path, layout_basic, minmay_misc_feat_doors
D:4:      layout_loops_corners, chequers_temple_overflow_statue_of_worship
D:5:      layout_gridville, serial_shops, nicolae_stop_n_shop_2
D:6:      layout_cave_pools, temple_doors_e
D:7:      minmay_spotlight, layout_layer_cave, jmf_multi_god_temple2,
          enter_ossuary_5, nicolae_zen_rock_garden, supply_closet_lemuel,
          uniq_duvessa, uniq_prince_ribbit1
D:8:      layout_rooms, serial_bayou, serial_bayou_lagoon_b,
          serial_bayou_pond_d, serial_bayou_crossing, serial_bayou_pond_d,
          serial_bayou_shore_b, serial_bayou_lagoon_a
D:10:     layout_rooms, chequers_temple_overflow_minitemple,
          minmay_orc_entry_temple_small, evilmike_minifort, uniq_lodul
Temple:   nicolae_temple_two_arcs

Skill      XL: |  1  2  3  4  5  6  7  8  9 10 |
---------------+-------------------------------+-----
Earth Magic    | 4 5 6 7 8 10 | 10.5
Spellcasting   | 3 4 5 6 7 |  7.8
Conjurations   | 1 2 3 4 6 8 |  8.3
Fighting       | 1 |  1.4
Staves         | 1 |  1.3
Armour         | 1 |  1.4
Dodging        | 2 |  2.0
Evocations     | 1 |  1.2
Stealth        | |  2.1
Transmutations | |  0.7

Action                   |  1- 3 |  4- 6 |  7- 9 | 10-12 || total
-------------------------+-------+-------+-------+-------++-------
Melee: Flail             |       |       |    45 |       ||    45
 Cast: Sandblast         |    29 |   111 |   103 |     3 ||   246
       Stone Arrow       |       |     4 |    77 |    17 ||    98
  Use: Scroll            |       |     5 |     6 |       ||    11
       Potion            |       |       |     6 |     2 ||     8
Armor: Robe              |     1 |     6 |     3 |       ||    10
       Leather armour    |       |       |    52 |     3 ||    55
Dodge: Dodged            |     4 |    14 |   132 |     7 ||   157
